 Dungeon Crawl Stone Soup version 0.18.1-48-g4cf74bf (webtiles) character file.

228 theElss the Conjurer (level 5, -3/31 HPs)
             Began as a High Elf Conjurer on July 26, 2016.
             Killed by divine providence
             ... invoked by an orc priest
              (14 damage)
             ... on level 3 of the Dungeon.
             The game lasted 00:11:02 (3119 turns).

theElss the Conjurer (High Elf Conjurer)            Turns: 3119, Time: 00:11:03

Health: -3/31      AC:  5    Str:  8    XL:     5   Next: 70%
Magic:  3/11       EV: 12    Int: 18    God:
Gold:   131        SH:  0    Dex: 16    Spells: 3 memorised, 4 levels left

rFire  . . .     SeeInvis .     n - -3 dagger (curse)
rCold  . . .     Gourm    .     h - +0 leather armour (curse)
rNeg   . . .     Faith    .     (no shield)
rPois  .         Spirit   .     r - +0 helmet
rElec  .         Dismiss  .     z - +0 cloak {MR+}
rCorr  .         Reflect  .     (no gloves)
SustAt .         Harm     .     (no boots)
MR     ++...                    (no amulet)
Stlth  ++........               (no ring)
                                t - ring of protection from magic

@: very resistant to hostile enchantments, unstealthy
A: no striking features
a: no special abilities


You were on level 3 of the Dungeon.
You were not hungry.

You visited 1 branch of the dungeon, and saw 3 of its levels.

You collected 131 gold pieces.

Inventory:

Hand Weapons
 g - a +0 dagger
 n - a cursed -3 dagger (weapon)
 o - a +1 dagger of flaming
Armour
 a - a +0 robe
 h - a cursed +0 leather armour (worn)
 r - a +0 helmet (worn)
 z - a +0 cloak of magic resistance (worn)
Jewellery
 t - a ring of protection from magic (left hand)
Wands
 s - a wand of slowing (38/48)
Scrolls
 d - a scroll of fear {unknown}
 e - 4 scrolls of remove curse {unknown}
 k - a scroll of random uselessness {unknown}
 m - a scroll of recharging {unknown}
 p - a scroll of identify {unknown}
 u - a scroll of enchant weapon {unknown}
 w - a scroll of enchant armour {unknown}
 y - a scroll of noise {unknown}
Potions
 f - a potion of ambrosia {unknown}
 i - a potion of berserk rage {unknown}
 l - a potion of curing {unknown}
 q - a potion of degeneration {unknown}
Books
 b - a book of Conjurations

   Spells                             Type                      Level
   a - Magic Dart                     Conjuration                  1
   b - Searing Ray                    Conjuration                  2
   c - Dazzling Spray                 Conjuration/Hexes            3
   d - Fulminant Prism                Conjuration/Hexes            4
   e - Iskenderun's Mystic Blast      Conjuration                  4
   f - Iskenderun's Battlesphere      Conjuration/Charms           5
Comestibles
 c - 2 bread rations
 j - a slice of pizza
 v - a meat ration
 x - 2 chunks of flesh


   Skills:
 + Level 2.6 Dodging
 - Level 2.1 Stealth
 + Level 3.8 Spellcasting
 + Level 6.9 Conjurations


You had 4 spell levels left.
You knew the following spells:

 Your Spells              Type           Power        Failure   Level  Hunger
a - Magic Dart            Conj           ####         1%          1    None
c - Searing Ray           Conj           ####..       1%          2    ##.....
d - Iskenderun's Mystic   Conj           ####....     14%         4    ####...


Dungeon Overview and Level Annotations

Branches:
Dungeon (3/15)

Altars:
Ru

Annotations:
D:3 Jessica


Message History

Aiming: Searing Ray
Press: ? - help, Shift-Dir - straight line, f - orc
Aim: an orc, wielding an enchanted trident The searing ray hits the goblin.
You kill the goblin!
The orc drinks a potion.
The orc seems to grow stronger.
The searing ray hits the orc.
The orc is moderately wounded.
The orc misses you.
The searing ray hits the orc.
You kill the orc!
The searing ray hits the orc priest.
The orc priest is severely wounded.
The orc priest invokes the aid of Beogh against you.
Beogh smites you!
Jessica gestures wildly while chanting.
Jessica blinks!
The orc priest mumbles some strange prayers to Beogh against you.
Beogh smites you!
You die...

# #.# #####..##..# # #.#
#......#### # #.#
#.##.#....# ###.#
#....#....# ....#
####......#
....############...)..#
..........)...........#
....#########....#....#
############.>##@..#.##
##...........##...##.###
...###########.....(...#
..## ###o###.....# #..#
##...# #.....#
#..########..### #.....#
..[......†@.## #######
......##)####
.....##..###


You could see an orc priest.

Vanquished Creatures
  An orc priest (D:3)
  Crazy Yiuf (D:3)
  Ijyb (D:2)
  A worker ant (D:3)
  4 adders
  An ooze (D:2)
  2 worms (D:3)
  2 dart slugs
  3 giant geckos
  4 orcs
  2 ball pythons (D:2)
  6 giant cockroaches (D:2)
  11 goblins
  8 hobgoblins
  2 bats
  2 giant newts (D:2)
  11 kobolds
  4 rats
66 creatures vanquished.

Notes
Turn   | Place    | Note
--------------------------------------------------------------
     0 | D:1      | theElss the High Elf Conjurer began the quest for the Orb.
     0 | D:1      | Reached XP level 1. HP: 11/11 MP: 4/4
   271 | D:1      | Reached XP level 2. HP: 17/17 MP: 0/6
   662 | D:1      | Reached skill level 5 in Conjurations
   918 | D:2      | Found a sacrificial altar of Ru.
  1127 | D:2      | Reached XP level 3. HP: 21/21 MP: 3/7
  1211 | D:2      | Noticed Ijyb
  1218 | D:2      | Killed Ijyb
  1418 | D:2      | Learned a level 2 spell: Searing Ray
  1430 | D:2      | Reached XP level 4. HP: 27/27 MP: 7/9
  1436 | D:2      | Learned a level 4 spell: Iskenderun's Mystic Blast
  1722 | D:2      | Reached skill level 6 in Conjurations
  2820 | D:3      | Noticed Crazy Yiuf
  2826 | D:3      | Killed Crazy Yiuf
  2826 | D:3      | Reached XP level 5. HP: 31/31 MP: 2/11
  3104 | D:3      | Noticed Jessica
  3119 | D:3      | Killed from afar by an orc priest

Skill      XL: |  1  2  3  4 |
---------------+-------------+-----
Conjurations   | 5 6 |  6.9
Spellcasting   | 3 |  3.8
Dodging        | |  2.6
Stealth        | |  2.1

Action                   |  1- 3 |  4- 6 || total
-------------------------+-------+-------++-------
Melee: Dagger            |     3 |       ||     3
 Cast: Magic Dart        |    62 |    71 ||   133
       Searing Ray       |       |     8 ||     8
  Eat: Chunk             |     2 |     5 ||     7
Armor: Robe              |     4 |       ||     4
       Leather armour    |       |     6 ||     6
Dodge: Dodged            |     6 |     9 ||    15
